 Dungeon Crawl Stone Soup version 0.21-a0-84-g85d6d27 (console) character file.

1434 removed the Carver (level 8, -6/63 HPs)
             Began as a Vampire Gladiator on June 24, 2017.
             Was an Initiate of Ru.
             Killed from afar by an orc wizard (11 damage)
             ... with a puff of frost
             ... on level 6 of the Dungeon.
             The game lasted 00:09:06 (5395 turns).

removed the Carver (Vampire Gladiator)              Turns: 5395, Time: 00:09:07

Health: -6/63      AC: -3    Str: 13    XL:     8   Next: 45%
Magic:  8/8        EV: 13    Int: 11    God:    Ru [......]
Gold:   267        SH:  0    Dex: 17    Spells: 7/7 levels left

rFire    + . .     SeeInvis +   a - +0 scimitar
rCold    . . .     Gourm    .   (no shield)
rNeg     . . .     Faith    .   w - +0 leather armour
rPois    .         Spirit   .   (helmet restricted)
rElec    .         Reflect  .   (no cloak)
rCorr    .         Harm     .   F - +0 pair of gloves {archery}
MR       .....     Rnd*Tele +   (no boots)
Stlth    +.........             (no amulet)
HPRegen  0.40/turn              H - ring of see invisible
MPRegen  0.11/turn              (no ring)

@: corroded, regenerating quickly
A: fangs 3, horns 1, rugged brown scales 1, see invisible, fire resistance 1,
teleportitis 1, unbreathing
a: Renounce Religion


You were on level 6 of the Dungeon.
You worshipped Ru.
Ru was noncommittal.
You were very full.

You visited 2 branches of the dungeon, and saw 7 of its levels.

You collected 267 gold pieces.

Inventory:

Hand Weapons
 a - a +0 scimitar (weapon)
 b - a +1 blowgun
 G - a +1 vampiric dagger
 K - a +0 long sword
Missiles
 d - 3 throwing nets (quivered)
 x - 3 curare-tipped needles
 E - 15 poisoned needles
 M - 2 needles of sleeping
Armour
 c - a +0 helmet
 r - a +0 pair of gloves
 w - a +0 leather armour (worn)
 F - a +0 pair of gloves of archery (worn)
Jewellery
 H - a ring of see invisible (left hand)
Wands
 o - a wand of random effects (20/48)
 B - a wand of iceblast (13/15)
 L - a wand of polymorph (19/24)
Scrolls
 f - 6 scrolls of remove curse
 l - 2 scrolls of enchant weapon
 n - a scroll of blinking
 q - a scroll of amnesia
 J - 2 scrolls of fear
Potions
 e - 9 potions of blood
 h - a potion of lignification
 i - a potion of brilliance
 k - 2 potions of agility {unknown}
 m - a potion of resistance {unknown}
 p - a potion of invisibility {unknown}
 t - a potion of berserk rage {unknown}
 u - 4 potions of curing {unknown}
 C - a potion of might {unknown}
 I - 2 potions of degeneration {unknown}
 N - a potion of haste {unknown}
Books
 v - a book of Cantrips

   Spells                             Type                      Level
   a - Confusing Touch                Hexes                        1
   b - Animate Skeleton               Necromancy                   1
   c - Summon Small Mammal            Summoning                    1
   d - Apportation                    Translocation                1


   Skills:
 - Level 5.0 Fighting
 + Level 9.6 Long Blades
 - Level 1.5 Throwing
 - Level 3.2 Dodging


You had 7 spell levels left.
You didn't know any spells.

Dungeon Overview and Level Annotations

Branches:
Dungeon (6/15)             Temple (1/1) D:5

Altars:
Cheibriados
Elyvilon
Fedhas
Gozag
Hepliaklqana
Kikubaaqudgha
Nemelex Xobeh
Okawaru
Qazlal
Ru
Sif Muna
Trog
Uskayaw
Vehumet
Wu Jian
Xom
Yredelemnul
Zin
The Shining One


Innate Abilities, Weirdness & Mutations

Your natural rate of healing is unusually fast.
You have razor-sharp teeth.
You have supernaturally acute eyesight. (SInv)
You can survive without breathing.
You have a pair of small horns on your head.
You are partially covered in rugged brown scales. (AC +1, +3% HP)
Your flesh is heat resistant. (rF+)
You are occasionally teleported next to monsters.


Message History

Unknown command.
You miss the orc wizard. The orc wizard hits you with a dagger.
* * * LOW HITPOINT WARNING * * *
The orc closely misses you.
You riposte.
You closely miss the orc. You headbutt the orc.
The orc is moderately wounded.
An iguana comes into view.
Unknown command.
Yummy - fresh blood!
The orc wizard hits you with a dagger.
* * * LOW HITPOINT WARNING * * *
The orc hits you with a whip.
* * * LOW HITPOINT WARNING * * *
The orc wizard hits you with a dagger.
* * * LOW HITPOINT WARNING * * *
The orc wizard looks satisfied for a moment.
The orc wizard hits you with a dagger.
* * * LOW HITPOINT WARNING * * *
The orc wizard casts a spell at you. The puff of frost hits you!
You die...

.### ###
#............#...###
.#
#..............###
.# ##.........#...<#
# ##
##...............###
#
#.................)
##.................
##.........##......
##.......#..# ##....
#..@######..# .....
##o.## ..... ##..##
..... ##.o## #####
#..## # ##..# ##..##
##..## #..####


You could see an orc wizard and an orc.

Vanquished Creatures
  The ghost of zhorgal the Cutter, an amateur VSFi (D:4)
  3 sky beasts
  An ice beast (D:5)
  An ogre (D:5)
  A centaur (D:6)
  A bullfrog (D:6)
  A water moccasin skeleton (D:4)
  A crimson imp (D:6)
  3 howler monkeys
  A jelly (D:6)
  2 hounds (D:4)
  A bullfrog skeleton (D:5)
  An orc priest (D:5)
  An orc wizard (D:5)
  A worker ant (D:4)
  A hound zombie (D:3)
  A howler monkey zombie (D:5)
  4 gnolls
  12 adders
  A shadow imp (D:6)
  2 worms
  2 dart slugs
  6 leopard geckos
  7 orcs
  9 bats
  5 giant cockroaches
  5 goblins
  12 hobgoblins
  A jackal (D:4)
  7 quokkas
  2 ball pythons
  A ball python skeleton (D:5)
  6 frilled lizards
  8 kobolds
  A leopard gecko skeleton (D:5)
  8 rats
121 creatures vanquished.

Vanquished Creatures (others)
  An ooze (D:4)
1 creature vanquished.

Grand Total: 122 creatures vanquished

Notes
Turn   | Place    | Note
-------+----------+-------------------------------------------
     0 | D:1      | removed the Vampire Gladiator began the quest for the Orb.
     0 | D:1      | Reached XP level 1. HP: 16/16 MP: 1/1
   253 | D:1      | Reached XP level 2. HP: 22/22 MP: 2/2
   506 | D:1      | Reached skill level 4 in Long Blades
   737 | D:2      | Reached XP level 3. HP: 25/27 MP: 3/3
  1124 | D:2      | Reached XP level 4. HP: 33/33 MP: 4/4
  1146 | D:2      | Reached skill level 5 in Long Blades
  1366 | D:2      | Found an opulent altar of Gozag.
  1769 | D:3      | Reached XP level 5. HP: 38/38 MP: 5/5
  1929 | D:3      | Reached skill level 6 in Long Blades
  2039 | D:3      | Noticed a sky beast
  2058 | D:3      | Killed a sky beast
  2520 | D:4      | Reached XP level 6. HP: 38/44 MP: 6/6
  2608 | D:4      | Reached skill level 7 in Long Blades
  2736 | D:4      | Noticed zhorgal's ghost (amateur VSFi)
  3071 | D:4      | Killed zhorgal's ghost
  3071 | D:4      | Reached skill level 8 in Long Blades
  3071 | D:4      | Reached XP level 7. HP: 45/49 MP: 7/7
  3172 | D:4      | Found an iron altar of Okawaru.
  3172 | D:4      | Found a glowing golden altar of the Shining One.
  3555 | D:5      | Entered Level 5 of the Dungeon
  3938 | D:5      | Found a basalt altar of Yredelemnul.
  4019 | D:5      | Found a staircase to the Ecumenical Temple.
  4028 | Temple   | Entered the Ecumenical Temple
  4101 | Temple   | Gained mutation: You have a pair of small horns on your head. [potion of mutation]
  4101 | Temple   | Gained mutation: You are partially covered in rugged brown scales. (AC +1, +3% HP) [potion of mutation]
  4101 | Temple   | Gained mutation: You are occasionally teleported next to monsters. [potion of mutation]
  4101 | Temple   | Gained mutation: Your flesh is heat resistant. (rF+) [potion of mutation]
  4117 | Temple   | Became a worshipper of Ru the Awakened
  4527 | D:4      | Reached skill level 5 in Fighting
  4527 | D:4      | Reached XP level 8. HP: 15/63 MP: 8/8
  4705 | D:5      | Reached skill level 9 in Long Blades
  4886 | D:6      | Found a radiant altar of Vehumet.
  5391 | D:6      | HP: 3/63 [orc wizard/dagger (3)]
  5395 | D:6      | Killed from afar by an orc wizard

Vault maps used:
D:1:      sevenhm_arrival_forest_fort_large_4
D:2:      marbit_many_paths
D:4:      grunt_temple_overflow_open, first_bread, lemuel_flame_loot_1
D:5:      overflow_temple_1_default, lemuel_temple_firewalk_b
D:6:      vehumet_altar_wand_db
Temple:   zaba_magenta_temple

Skill      XL: |  1  2  3  4  5  6  7  8 |
---------------+-------------------------+-----
Long Blades    | 4 5 6 8 9 |  9.6
Fighting       | 5 |  5.0
Throwing       | |  1.5
Dodging        | |  3.2

Action                   |  1- 3 |  4- 6 |  7- 9 || total
-------------------------+-------+-------+-------++-------
Melee: Long sword        |    73 |   175 |   118 ||   366
       Bite              |    10 |    34 |    26 ||    70
       Headbutt          |       |       |    13 ||    13
       Scimitar          |       |       |    25 ||    25
  Use: Potion            |    11 |     9 |    14 ||    34
       Scroll            |     1 |       |    11 ||    12
 Stab: Sleeping          |     1 |       |     3 ||     4
Armor: Leather armour    |    19 |    42 |    24 ||    85
Dodge: Dodged            |    67 |   139 |    73 ||   279
       Rpst.: Long sword |    20 |    41 |    19 ||    80
       Scimitar          |       |       |    10 ||    10
